 Dungeon Crawl Stone Soup version 0.27.1-33-g824d729ab1 (webtiles) character file.

Game seed: 4468221819476120093

2 zeram the Caller (level 1, -1/13 HPs)
             Began as a Merfolk Summoner on Dec 25, 2021.
             Slain by a hobgoblin (4 damage)
             ... on level 1 of the Dungeon.
             The game lasted 00:00:34 (289 turns).

zeram the Caller (Merfolk Summoner)                  Turns: 289, Time: 00:00:35

Health: -1/13      AC:  2    Str:  8    XL:     1   Next: 40%
Magic:  1/3        EV: 12    Int: 14    God:
Gold:   0          SH:  0    Dex: 14    Spells: 3/4 levels left

rFire    . . .     SeeInvis .   b - +0 whip
rCold    . . .     Faith    .   (no shield)
rNeg     . . .     Spirit   .   a - +0 robe
rPois    .         Reflect  .   (no helmet)
rElec    .         Harm     .   (no cloak)
rCorr    .         Rampage  .   (no gloves)
Will     .....                  (no boots)
Stlth    ++........             (no amulet)
HPRegen  0.04/turn              (no ring)
MPRegen  0.08/turn              (no ring)

@: no status effects
A: (nimble swimmer 2), mertail
a: no special abilities


You were on level 1 of the Dungeon.
You visited 1 branch of the dungeon, and saw 1 of its levels.

Inventory:

Hand Weapons
 b - a +0 whip (weapon)
Armour
 a - a +0 robe (worn)


   Skills:
 + Level 2.7 Dodging
 - Level 2.1 Stealth
 - Level 2.0 Spellcasting
 + Level 4.1 Summonings


You had 3 spell levels left.
You knew the following spells:

 Your Spells              Type           Power      Damage    Failure   Level
a - Summon Small Mammal   Summ           48%        N/A       4%          1

Your spell library contained the following spells:

 Spells                   Type           Power      Damage    Failure   Level
 Call Imp                 Summ           12%        N/A       7%          2
 Call Canine Familiar     Summ           12%        N/A       13%         3
 Summon Guardian Golem    Hex/Summ       7%         N/A       30%         3
 Summon Lightning Spire   Summ/Air       7%         N/A       71%         4


Dungeon Overview and Level Annotations

Branches:
Dungeon (1/15)

Altars:


Innate Abilities, Weirdness & Mutations

((You are quick and stealthy near water. (Stealth+, EV+, Speed+++)))
Your lower body shifts to a powerful aquatic tail in water.


Message History

Magic restored.
Key pressed, stopping explore.
HP restored.
A kobold comes into view. It is wielding a +0 whip.
The kobold shouts!
A kobold is nearby!
A kobold is nearby!
Casting: Summon Small Mammal (safe; 4% risk of failure)
Confirm with . or Enter, or press ? or * to list all spells.
Casting: Summon Small Mammal (safe; 4% risk of failure)
Confirm with . or Enter, or press ? or * to list all spells.
The kobold misses you.
Your rat bites the kobold.
The kobold barely misses your rat.
Your rat bites the kobold.
The kobold dies!
You see here a +0 whip.
b - a +0 whip
b - a +0 whip (weapon)
Your rat disappears in a puff of smoke!
Your quokka disappears in a puff of smoke!
A hobgoblin comes into view.
The hobgoblin shouts!
A hobgoblin is nearby!
A hobgoblin is nearby!
A hobgoblin is nearby!
A hobgoblin is nearby!
You barely miss the hobgoblin. The hobgoblin closely misses you.
You closely miss the hobgoblin. The hobgoblin barely misses you.
You closely miss the hobgoblin. The hobgoblin hits you.
You closely miss the hobgoblin. The hobgoblin hits you.
A rat comes into view.
You barely miss the hobgoblin. The hobgoblin barely misses you.
Casting: Summon Small Mammal (safe; 4% risk of failure)
Confirm with . or Enter, or press ? or * to list all spells.
The hobgoblin hits you.
* * * LOW HITPOINT WARNING * * *
Casting: Summon Small Mammal (safe; 4% risk of failure)
Confirm with . or Enter, or press ? or * to list all spells.
Your bat hits the hobgoblin but does no damage.
The hobgoblin hits you.
You die...

#.... #.### #.#
#.# #.# #.#
###.#+#+# #.#
.....rgb# #.# #@#
#.#
#.############.###
#................#
#.############.#.#
#.############.#.#
#..............#.#
################.#
.# .#


You could see a hobgoblin (ally target), a friendly quokka (summoned) and a
friendly bat (summoned).

Vanquished Creatures (collateral kills)
  A bat (D:1)
  An endoplasm (D:1)
  A kobold (D:1)
3 creatures vanquished.

Notes
Turn   | Place    | Note
-------+----------+-------------------------------------------
     0 | D:1      | zeram the Merfolk Summoner began the quest for the Orb.
     0 | D:1      | Reached XP level 1. HP: 13/13 MP: 3/3
   289 | D:1      | Slain by a hobgoblin

Illustrated notes

Levels and vault maps discovered:
D:1:      dpeg_arrival_arbitrary_b, layout_basic, serial_bayou,
          serial_bayou_lagoon_b, serial_bayou_pond_d, serial_bayou_shore_b,
          serial_bayou_shore_b, chequers_serial_rivers_micro_a,
          minmay_misc_feat_rows

Action                   || total
-------------------------++-------
Melee: Unarmed           ||    11
       Whip              ||     5
 Cast: Summon Small Mamm ||     8
Armor: Robe              ||     9
Dodge: Dodged            ||    18
